 Dungeon Crawl Stone Soup version 0.31-a0-202-g547052bce9 (webtiles) character file.

Game seed: 14954542374377805755

5779 ragingrage the Grappler (level 10, -8/83 HPs)
             Began as a Troll Transmuter on June 26, 2023.
             Was an Elder of Ru.
             Mangled by a sixfirhy (12 damage)
             ... summoned by a kobold demonologist
             ... on level 9 of the Dungeon.
             The game lasted 00:07:21 (7436 turns).

ragingrage the Grappler (Troll Transmuter)          Turns: 7436, Time: 00:07:21

Health: -8/83      AC: -4    Str: 20      XL:     10   Next: 50%
Magic:  10/10      EV:  9    Int: 13      God:    Ru [****..]
Gold:   252        SH:  0    Dex:  9 (10) Spells: 8/11 levels left

rFire   x .          .
                       - Unarmed
rCold   x . .        (no shield)
rNeg    + . .        a - +2 robe {rN+}
rPois   .            g - +1 hat
rElec   .            j - +0 cloak
rCorr   .            (gloves unavailable)
SInv    .            (boots unavailable)
Will    .....        x - amulet of magic regeneration
Stlth   +            (no ring)
HPRegen 1.13/turn    (no ring)
MPRegen 0.52/turn

%: no passive effects
@: corroded
A: large, unfitting armour, claws 3, regeneration 1, shaggy fur 1, tough skin 1,
hated by all, temperature sensitive
a: Renounce Religion, Draw Out Power, Power Leap


You were on level 9 of the Dungeon.
You worshipped Ru.
Ru was greatly pleased with you.
You visited 1 branch of the dungeon, and saw 9 of its levels.

You collected 395 gold pieces.
You spent 143 gold pieces at shops.

Inventory:

Missiles
 f - a poisoned dart (quivered)
Armour
 a - a +2 robe of positive energy (worn)
 g - a +1 hat (worn)
 j - a +0 cloak (worn)
Jewellery
 d - a ring of fire
 x - an amulet of magic regeneration (around neck)
Wands
 q - a wand of polymorph (9)
 v - a wand of flame (25)
 z - a wand of quicksilver (1)
Scrolls
 c - 4 scrolls of amnesia
 e - 4 scrolls of immolation
 k - 7 scrolls of teleportation
 n - a scroll of summoning
 o - a scroll of enchant weapon
 s - a scroll of vulnerability
 t - 2 scrolls of noise
 y - a scroll of enchant armour
Potions
 b - 3 potions of lignification
 h - 2 potions of might
 i - 2 potions of attraction
 l - a potion of heal wounds
 m - 3 potions of curing
 p - a potion of haste
 r - a potion of berserk rage {unknown}
 u - a potion of enlightenment {unknown}
 w - a potion of magic {unknown}


   Skills:
 - Level 0.7 Fighting
 - Level 1.5 Dodging
 + Level 14.6 Unarmed Combat
 - Level 1.2 Spellcasting
 - Level 5.0 Transmutations


You had 8 spell levels left.
You knew the following spells:

 Your Spells              Type           Power      Damage    Failure   Level
a - Wereblood             Tmut           13%        N/A       5%          2
b - Beastly Appendage     Tmut           26%        N/A       3%          1

Your spell library contained the following spells:

 Spells                   Type           Power      Damage    Failure   Level
 Spider Form              Tmut/Pois      7%         N/A       30%         3
 Ice Form                 Ice/Tmut       7%         N/A       69%         4
 Petrify                  Tmut/Erth      7%         N/A       69%         4
 Borgnjor's Vile Clutch   Necr/Erth      0%         N/A       100%        5
 Metabolic Englaciation   Hex/Ice        0%         N/A       100%        5
 Statue Form              Tmut/Erth      4%         N/A       100%        6
 Animate Dead             Necr           Unusable   N/A       N/A         4
 Death Channel            Necr           Unusable   N/A       N/A         6

Dungeon Overview and Level Annotations

Branches:
Dungeon (9/15)             Temple (0/1) D:5            Lair (0/5) D:8
    Orc: D:9-12

Altars:
Cheibriados
Dithmenos
Kikubaaqudgha
Ru
Sif Muna
Uskayaw
The Shining One

Shops:
D:1 ?   D:3 (!   D:6 :

Annotations:
D:4 1 runed translucent door, Leavold's ghost, weakling TeDe


Innate Abilities, Weirdness & Mutations

You are too large for most types of armour.
You have claws for hands.
Your natural rate of healing is unusually fast.
You are covered in fur. (AC +1)
You have tough skin. (AC +1)
You are hated by all.
You are sensitive to extremes of temperature. (rF-, rC-)


Message History

You redirect the howler monkey's attack!
A kobold demonologist comes into view. It is wielding a +0 dagger.
You mangle the howler monkey!!
You kill the howler monkey!
The kobold demonologist mumbles some strange words.
The kobold demonologist gestures wildly while chanting.
You claw the rust devil! You scratch the rust devil. The rust devil hits you.
The rust devil corrodes you!
The shadow imp grinds its teeth.
The quasit bites you but does no damage.
The quasit closely misses you.
The quasit claws you but does no damage.
You claw the rust devil!
The shadow imp begins to attack, but is stunned by your conviction!
The rust devil hits you. The rust devil corrodes you! The quasit bites you.
The quasit barely misses you. The quasit closely misses you.
You claw the rust devil! The quasit bites you. The quasit barely misses you.
The quasit claws you.
You feel clumsy.
The kobold demonologist casts a spell.
You are too injured to fight recklessly!
You are too injured to fight recklessly!
You are too injured to fight recklessly!
You are too injured to fight recklessly!
You are too injured to fight recklessly!
Unknown command.
The sixfirhy hits you! The sixfirhy shocks you!
You focus your inner power and blind the sixfirhy in retribution!
The rust devil hits you! The rust devil corrodes you!
The sixfirhy closely misses you.
You barely miss the kobold demonologist.
The sixfirhy barely misses you. The sixfirhy hits you!
* * * LOW HITPOINT WARNING * * *
The sixfirhy shocks you!
* * * LOW HITPOINT WARNING * * *
The rust devil closely misses you. The sixfirhy hits you.
* * * LOW HITPOINT WARNING * * *
The sixfirhy shocks you!
You die...

########################
...................$....
.............[......<.#
...............†.5....#
)...........)....4....#
................@35..)#
.................K....#
.........†............#
........................
....................####
##################..# #
..# # ..# #


You could see a rust devil (summoned), a kobold demonologist, a sixfirhy
(summoned, blind), a quasit (summoned) and a shadow imp (summoned).

Vanquished Creatures
  Gastronok (D:8)
  Pikel (D:8)
  Psyche (D:8)
  A komodo dragon (D:8)
  Sigmund (D:6)
  10 yaks
  A steam dragon (D:8)
  A water moccasin (D:8)
  An ice beast (D:7)
  A sky beast (D:7)
  2 ogres
  3 centaurs
  A phantom (D:5)
  A bullfrog (D:7)
  A gnoll sergeant (D:8)
  3 scorpions
  3 wights (D:8)
  4 killer bees (D:8)
  3 howler monkeys (D:9)
  4 hounds
  2 jellies
  An orc priest (D:5)
  An iron imp (D:5)
  2 sleepcaps (D:6)
  3 iguanas
  4 orc wizards
  Robin (D:4)
  7 gnolls
  5 adders
  A shadow imp (D:5)
  2 white imps
  An ufetubus (D:5)
  A worm (D:2)
  2 dart slugs
  12 orcs
  4 ball pythons
  6 bats
  5 endoplasms
  5 giant cockroaches
  12 goblins
  9 hobgoblins
  6 kobolds
  4 quokkas
  2 frilled lizards
  4 rats
146 creatures vanquished.

Notes
Turn   | Place    | Note
-------+----------+-------------------------------------------
     0 | D:1      | ragingrage the Troll Transmuter began the quest for the
                  | Orb.
     0 | D:1      | Reached XP level 1. HP: 18/18 MP: 1/1
   489 | D:1      | Found Lugasail's Magic Scroll Shoppe.
   625 | D:1      | Reached XP level 2. HP: 26/26 MP: 2/2
  1136 | D:2      | Reached XP level 3. HP: 32/32 MP: 0/3
  1677 | D:3      | Found Hepsy's Antique Weapon Shop.
  1817 | D:3      | Found a sacrificial altar of Ru.
  1817 | D:3      | Found a glowing golden altar of the Shining One.
  1822 | D:3      | Became a worshipper of Ru the Awakened
  1857 | D:2      | Reached skill level 4 in Unarmed Combat
  1859 | D:2      | Reached XP level 4. HP: 16/40 MP: 4/4
  1978 | D:3      | Found an ancient bone altar of Kikubaaqudgha.
  2003 | D:3      | Found a basalt altar of Yredelemnul.
  2166 | D:3      | Found a hide-covered altar of Uskayaw.
  2259 | D:3      | Found Villisch's Distillery.
  2268 | D:3      | Bought a potion of heal wounds for 65 gold pieces
  2268 | D:3      | Bought 2 potions of curing for 78 gold pieces
  2494 | D:3      | Learned a level 2 spell: Wereblood
  2613 | D:4      | Found a runed translucent door.
  2613 | D:4      | Noticed Leavold's ghost (weakling TeDe)
  2731 | D:4      | Noticed Robin
  2754 | D:4      | Killed Robin
  2849 | D:4      | Reached XP level 5. HP: 46/46 MP: 5/5
  3081 | D:4      | Noticed an ogre
  3089 | D:4      | Killed an ogre
  3090 | D:4      | Reached skill level 5 in Unarmed Combat
  3090 | D:4      | Reached XP level 6. HP: 36/54 MP: 2/6
  3096 | D:4      | Gained mutation: You are hated by all. [Ru sacrifice]
  3096 | D:4      | Reached * piety under Ru
  3096 | D:4      | Reached ** piety under Ru
  3284 | D:5      | Entered Level 5 of the Dungeon
  3288 | D:5      | Found a snail-covered altar of Cheibriados.
  3607 | D:5      | Reached skill level 6 in Unarmed Combat
  3607 | D:5      | Reached XP level 7. HP: 55/61 MP: 7/7
  3985 | D:5      | Found a staircase to the Ecumenical Temple.
  4056 | D:6      | Found Qoarph's Vocational Training.
  4367 | D:6      | Noticed Sigmund
  4375 | D:6      | Killed Sigmund
  4376 | D:6      | Reached skill level 7 in Unarmed Combat
  4376 | D:6      | Reached skill level 5 in Transmutations
  4376 | D:6      | Reached XP level 8. HP: 68/68 MP: 1/8
  4609 | D:6      | Found a shadowy altar of Dithmenos.
  5028 | D:7      | Reached skill level 8 in Unarmed Combat
  5494 | D:7      | Gained mutation: You are sensitive to extremes of
                  | temperature. (rF-, rC-) [Ru sacrifice]
  5494 | D:7      | Reached *** piety under Ru
  5494 | D:7      | Reached **** piety under Ru
  5639 | D:7      | Reached skill level 9 in Unarmed Combat
  6054 | D:8      | Found a staircase to the Lair.
  6060 | D:8      | Noticed a komodo dragon
  6074 | D:8      | Killed a komodo dragon
  6075 | D:8      | Reached skill level 10 in Unarmed Combat
  6100 | D:8      | Noticed Pikel
  6109 | D:8      | Killed Pikel
  6110 | D:8      | Reached XP level 9. HP: 67/75 MP: 9/9
  6138 | D:8      | Noticed Gastronok
  6148 | D:8      | HP: 2/75 [yak (11)]
  6150 | D:8      | Reached skill level 11 in Unarmed Combat
  6360 | D:8      | Killed Gastronok
  6361 | D:8      | Reached skill level 12 in Unarmed Combat
  6457 | D:8      | Noticed Psyche
  6485 | D:8      | Reached skill level 13 in Unarmed Combat
  6491 | D:8      | Reached XP level 10. HP: 49/83 MP: 10/10
  6927 | D:8      | Reached skill level 14 in Unarmed Combat
  7178 | D:8      | Found a shimmering blue altar of Sif Muna.
  7216 | D:8      | Killed Psyche
  7429 | D:9      | Noticed a rust devil
  7435 | D:9      | Noticed a sixfirhy
  7436 | D:9      | HP: 4/83 [sixfirhy[a kobold demonologist] (2)]
  7436 | D:9      | Mangled by a sixfirhy

Illustrated notes

Levels and vault maps discovered:
D:1:      psy_arrival_dodecagon, layout_loops_corners, serial_shops,
          nicolae_shop_waterfront
D:2:      layout_basic, grunt_ministairs_1
D:3:      layout_loops_ring, mainiacjoe_overflow_alcove_2,
          mainiacjoe_overflow_boulevard, mainiacjoe_overflow_brackets,
          jmf_multi_god_temple, serial_shops, nicolae_shop_trees,
          shop_fountains, moated_statue, chequers_serial_rivers_large_a,
          corexii_hall_statues_t
D:4:      layout_basic, gammafunk_ghost_grave, uniq_robin
D:5:      layout_loops_cross, slow_altar_1, lemuel_temple_firewalk_b
D:6:      layout_basic, mainiacjoe_overflow_tiny_flanked, grunt_dithmenos_smoke,
          nicolae_shop_vocational, uniq_sigmund
D:7:      layout_loops_corners, mainiacjoe_overflow_six_doors_small
D:8:      layout_rooms, tgw_sif, david_lair_shrubbed, grunt_decor_mini_mirrors,
          uniq_gastronok, uniq_pikel, uniq_psyche
D:9:      layout_long_grid, fiery_altar_vehumet, uniq_maggie

Skill      XL: |  1  2  3  4  5  6  7  8  9 10 |
---------------+-------------------------------+-----
Transmutations | 2 3 4 5 |  5.0
Unarmed Combat | 4 5 6 7 10 13 14 | 14.6
Fighting       | |  0.7
Dodging        | |  1.5
Spellcasting   | |  1.2

Action                     |  1- 3 |  4- 6 |  7- 9 | 10-12 || total
---------------------------+-------+-------+-------+-------++-------
  Melee: Unarmed           |    83 |   110 |   136 |    76 ||   405
         Kick              |     8 |     6 |    20 |     4 ||    38
         Punch             |     1 |     3 |    11 |     6 ||    21
         Headbutt          |       |     5 |     8 |     2 ||    15
  Throw: Dart              |       |     1 |     5 |     8 ||    14
         Throwing net      |       |       |     1 |       ||     1
   Cast: Beastly Appendage |     4 |    10 |    11 |     2 ||    27
         Wereblood         |       |    10 |    11 |     2 ||    23
 Invoke: Sacrifice Love    |       |     1 |       |       ||     1
         Sacrifice Resista |       |       |     1 |       ||     1
         Power Leap        |       |       |       |     1 ||     1
    Use: Scroll            |       |     1 |       |    10 ||    11
   Stab: Sleeping          |       |     1 |       |       ||     1
         Invisible         |       |       |       |     1 ||     1
 Armour: Robe              |    45 |    35 |    31 |    18 ||   129
  Dodge: Dodged            |    63 |    36 |    40 |    30 ||   169

Table legend: (Time is in decaauts)
 A = Elapsed time spent in this place.
 B = Non-inter-level travel time spent in this place.
 C = Inter-level travel time spent in this place.
 D = Time resting spent in this place.
 E = Time spent auto-exploring this place.
 F = Levels seen in this place.
 G = Mean time per level.
                   A        B        C        D        E       F      G
               +--------+--------+--------+--------+--------+-----+--------+
         Total |   7406 |   7030 |    376 |    647 |   5214 |   9 |  822.9 |
       Dungeon |   7406 |   7030 |    376 |    647 |   5214 |   9 |  822.9 |
               +--------+--------+--------+--------+--------+-----+--------+

Top non-repeatable levels by time:
     D:7: 1326 daAuts
     D:8: 1102 daAuts
     D:6: 918 daAuts
     D:2: 886 daAuts
     D:1: 846 daAuts
     D:3: 811 daAuts
     D:5: 749 daAuts
     D:4: 730 daAuts
     D:9: 34 daAuts
